 Dungeon Crawl Stone Soup version 0.20.1-1-g8b1a95d (webtiles) character file.

60 ReteAZ the Ducker (level 3, -4/33 HPs)
             Began as a Troll Arcane Marksman on Aug 20, 2017.
             Slain by Natasha (5 damage)
             ... on level 2 of the Dungeon.
             The game lasted 00:02:15 (815 turns).

ReteAZ the Ducker (Troll Arcane Marksman)            Turns: 815, Time: 00:02:15

Health: -4/33      AC:  5    Str: 18    XL:     3   Next: 80%
Magic:  12/12      EV: 10    Int: 10    God:
Gold:   34         SH:  0    Dex: 10    Spells: 3/4 levels left

rFire    . . .     SeeInvis .     - Unarmed
rCold    . . .     Gourm    +   (no shield)
rNeg     . . .     Faith    +   a - +0 robe
rPois    .         Spirit   .   (helmet restricted)
rElec    .         Reflect  .   (no cloak)
rCorr    .         Harm     .   (gloves unavailable)
MR       +....                  (boots unavailable)
Stlth    +.........             l - amulet of faith
Regen    0.6/turn               i - ring of magical power
MPRegen  0.2/turn               o - ring of protection from magic

@: no status effects
A: unfitting armour, claws 3, fast metabolism 3, gourmand, regeneration 1,
shaggy fur 1, tough skin 2
a: no special abilities


You were on level 2 of the Dungeon.
You were very full.

You visited 1 branch of the dungeon, and saw 2 of its levels.

You collected 34 gold pieces.

Inventory:

Missiles
 c - 4 large rocks (quivered)
 d - 2 throwing nets
Armour
 a - a +0 robe (worn)
Jewellery
 i - a ring of magical power (left claw)
 l - an amulet of faith (around neck)
 o - a ring of protection from magic (right claw)
Scrolls
 e - 3 scrolls of identify {unknown}
 h - 2 scrolls of remove curse {unknown}
 j - a scroll of recharging {unknown}
 k - a scroll of amnesia {unknown}
 m - 2 scrolls of fear {unknown}
Potions
 g - a potion of brilliance {unknown}
 n - 2 potions of ambrosia {unknown}
 p - 2 potions of invisibility {unknown}
 q - a potion of lignification {unknown}
Books
 b - a book of Debilitation

   Spells                             Type                      Level
   a - Corona                         Hexes                        1
   b - Slow                           Hexes                        2
   c - Inner Flame                    Hexes/Fire                   3
   d - Portal Projectile              Hexes/Translocation          3
   e - Cause Fear                     Hexes                        4
   f - Leda's Liquefaction            Hexes/Earth                  4
Comestibles
 f - 2 bread rations
 r - 4 fruits


   Skills:
 + Level 1.4 Fighting
 - Level 1.7 Throwing
 + Level 2.3 Dodging
 * Level 2.2 Unarmed Combat
 - Level 1.0 Spellcasting
 - Level 2.0 Hexes


You had 3 spell levels left.
You knew the following spells:

 Your Spells              Type           Power        Failure   Level  Hunger
a - Corona                Hex            #......      16%         1    ##.....


Dungeon Overview and Level Annotations

Branches:
Dungeon (2/15)

Altars:

Annotations:
D:2 Natasha


Innate Abilities, Weirdness & Mutations

You are too large for most types of armour.
You have claws for hands.
Your metabolism is lightning-fast.
You like to eat raw meat.
Your natural rate of healing is unusually fast.
You are covered in fur. (AC +1)
You have very tough skin. (AC +2)


Message History

You kill the kobold!
You closely miss Natasha. Natasha claws you.
You closely miss Natasha. Natasha claws you.
* * * LOW HITPOINT WARNING * * *
You closely miss Natasha. Natasha barely misses you.
You claw Natasha!
Natasha is heavily wounded.
Natasha casts a spell at you. The magic dart hits you!
You barely miss Natasha.
Natasha is heavily wounded.
Natasha wildly gestures.
Natasha shimmers violently.
Natasha stares at you and mumbles some strange words.
The magic dart hits you!
* * * LOW HITPOINT WARNING * * *
You closely miss Natasha.
Natasha is heavily wounded.
Natasha claws you.
You die...

......#.########♣♣P.♣.######
......#.†......♣♣PP........######
......#..###### ♣..♣♣#####.......
......#..#.# ♣.PP♣###########.
......#..#.##♣♣♣♣..♣♣#...# #>
............♣.♣..P♣♣ #...# #.
..†...#.#...♣P.P.♣♣###...# ##.
...(..#.##..#♣..♣h..)....# #..
.(♣♣♣♣♣♣♣♣♣♣....@####...!# ####..
#.♣.P.♣♣♣♣♣♣###..# ##..####..?..
#(...........##...# #..##.K..?##
##♣PPP♣♣♣.P♣..#.#.# ##..#.#)..#
##♣♣♣♣♣♣♣♣♣♣..#..... #........#
....#.#.#.....###.#........#.#..#
....#...#.....#. ...###......#...
................### ........♣♣.♣♣
>...###........#... ........♣♣.P


You could see Natasha.

Vanquished Creatures
  Natasha (D:2)
  A worm (D:2)
  A bat (D:1)
  3 goblins
  2 hobgoblins (D:1)
  7 jackals
  A quokka (D:2)
  4 frilled lizards
  6 kobolds
  4 rats
30 creatures vanquished.

Notes
Turn   | Place    | Note
-------+----------+-------------------------------------------
     0 | D:1      | ReteAZ the Troll Arcane Marksman began the quest for the Orb.
     0 | D:1      | Reached XP level 1. HP: 18/18 MP: 1/1
    47 | D:1      | Reached skill level 1 in Fighting
   188 | D:1      | Reached XP level 2. HP: 18/27 MP: 2/2
   228 | D:1      | Reached skill level 1 in Unarmed Combat
   694 | D:2      | Reached XP level 3. HP: 29/33 MP: 3/3
   776 | D:2      | Noticed Natasha
   789 | D:2      | Killed Natasha
   796 | D:2      | Noticed Natasha
   814 | D:2      | HP: 1/33 [Natasha/magic dart (6)]
   815 | D:2      | Slain by Natasha

Skill      XL: |  1  2  3 |
---------------+----------+-----
Fighting       | 1 |  1.4
Unarmed Combat | 1 2 |  2.2
Dodging        | 2 |  2.3
Throwing       | |  1.7
Spellcasting   | |  1.0
Hexes          | |  2.0

Action                   || total
-------------------------++-------
Melee: Unarmed           ||   100
 Stab: Sleeping          ||     1
  Eat: Chunk             ||    12
Armor: Robe              ||    41
Dodge: Dodged            ||    52
